 Dungeon Crawl Stone Soup version 0.21-a0-440-g28109cb (webtiles) character file.

7 tilp the Firebug (level 1, 0/10 HPs)
             Began as a Deep Elf Fire Elementalist on Nov 10, 2017.
             Slain by a hobgoblin
             ... wielding a +0 club
              (4 damage)
             ... on level 1 of the Dungeon.
             The game lasted 00:02:01 (397 turns).

tilp the Firebug (Deep Elf Fire Elementalist)        Turns: 397, Time: 00:02:02

Health: 0/10       AC:  2    Str:  5    XL:     1   Next: 83%
Magic:  6/6        EV: 13    Int: 19    God:
Gold:   1          SH:  0    Dex: 15    Spells: 5/6 levels left

rFire    . . .     SeeInvis .   d - +0 short sword
rCold    . . .     Gourm    .   (no shield)
rNeg     . . .     Faith    .   a - +0 robe
rPois    .         Spirit   .   (no helmet)
rElec    .         Reflect  .   (no cloak)
rCorr    .         Harm     .   (no gloves)
MR       .....                  (no boots)
Stlth    ++........             (no amulet)
HPRegen  0.03/turn              (no ring)
MPRegen  0.10/turn              (no ring)

@: no status effects
A: no striking features
a: no special abilities


You were on level 1 of the Dungeon.
You were not hungry.

You visited 1 branch of the dungeon, and saw 1 of its levels.

You collected 1 gold pieces.

Inventory:

Hand Weapons
 d - a +0 short sword (weapon)
Missiles
 e - 28 bolts
Armour
 a - a +0 robe (worn)
Scrolls
 f - a scroll of teleportation {unknown}
 g - a scroll of fear {unknown}
 i - a scroll of remove curse {unknown}
Books
 b - a book of Flames

   Spells                             Type                      Level
   a - Flame Tongue                   Conjuration/Fire             1
   b - Throw Flame                    Conjuration/Fire             2
   c - Conjure Flame                  Conjuration/Fire             3
   d - Inner Flame                    Hexes/Fire                   3
   e - Sticky Flame                   Conjuration/Fire             4
   f - Fireball                       Conjuration/Fire             5
Comestibles
 c - a bread ration
 h - a chunk of flesh


   Skills:
 - Level 2.4 Dodging
 - Level 2.4 Stealth
 + Level 3.2 Spellcasting
 + Level 1.5 Conjurations
 + Level 3.4 Fire Magic


You had 5 spell levels left.
You knew the following spells:

 Your Spells              Type           Power        Failure   Level  Hunger
a - Flame Tongue          Conj/Fire      ##...        5%          1    None


Dungeon Overview and Level Annotations

Branches:
Dungeon (1/15)

Altars:


Message History

Aim: a hobgoblin, wielding a club The flame tongue misses the hobgoblin.
Casting: Flame Tongue
Confirm with . or Enter, or press ? or * to list all spells.
Aiming: Flame Tongue
Press: ? - help, Shift-Dir - straight line, f/p - hobgoblin
Aim: a hobgoblin, wielding a club You miscast Flame Tongue.
You are very lightly contaminated with residual magic.
Nothing appears to happen.
The hobgoblin misses you. The hobgoblin hits you with a club.
Ouch! That really hurt!
Press: ? - help, v - describe, . - travel
Here: a hobgoblin, wielding a club The floor.
Your magical contamination has completely faded away.
Some of the chunks of flesh in your inventory have rotted away.
There is a stone staircase leading down here.
The hobgoblin hits you with a club.
You die...

#......#######...###.#
###...................
##..........#...###.#
#.>..................
#.####......######### #.#
#.......# ### #.#
##.####.### #..
#####.#####..###...####..
#......g@.............#..
#.....................#..
#..#################.....
#..#≈≈§≈≈§§<≈≈≈§≈§≈#...##
#..#≈≈≈≈≈§§.≈≈§§≈≈≈#...#
#..#≈≈≈≈.§.....≈§≈≈#[.##
#..#≈≈...........≈≈#..#
#..#≈.............§#..#
#..#≈............§≈#..#


You could see a hobgoblin.

Vanquished Creatures
  A leopard gecko (D:1)
  2 goblins (D:1)
  A hobgoblin (D:1)
  A rat (D:1)
5 creatures vanquished.

Notes
Turn   | Place    | Note
-------+----------+-------------------------------------------
     0 | D:1      | tilp the Deep Elf Fire Elementalist began the quest for the Orb.
     0 | D:1      | Reached XP level 1. HP: 10/10 MP: 6/6
   397 | D:1      | Slain by a hobgoblin

Vault maps used:
D:1:      lordsloth_arrival_two_stooges

Action                   || total
-------------------------++-------
Melee: Short sword       ||     2
 Cast: Flame Tongue      ||     7
 Stab: Sleeping          ||     1
Dodge: Dodged            ||     2

Table legend:
 A = Spawn XP
 B = Non-spawn XP
 C = Spawn XP percentage of total XP
 D = Spawn monster count
 E = Non-spawn monster count
 F = Spawn count percentage of total count
 G = Total turns spent on level
                    A         B        C        D         E        F      G
               +---------+---------+-------+---------+---------+-------+---------
         Total |       0 |      10 |   0.0 |       0 |       5 |   0.0 |   397
               +---------+---------+-------+---------+---------+-------+---------
           D:1 |       0 |      10 |   0.0 |       0 |       5 |   0.0 |   397
               +---------+---------+-------+---------+---------+-------+---------
